 Dungeon Crawl Stone Soup version 0.30.1-3-gfc49f6343a (webtiles) character file.

Game seed: 10398436109147197275

215 FishyPogo the Insei (level 5, -1/41 HPs)
             Began as a Gnoll Transmuter on Aug 2, 2023.
             Was an Initiate of Wu Jian.
             Slain by Edmund
             ... wielding a +2 dire flail of holy wrath
              (17 damage)
             ... on level 4 of the Dungeon.
             The game lasted 00:06:29 (2621 turns).

FishyPogo the Insei (Gnoll Transmuter)              Turns: 2621, Time: 00:06:31

Health: -1/41      AC:  3    Str:  9    XL:     5   Next: 92%
Magic:  21/21      EV: 13    Int: 18    God:    Wu Jian [......]
Gold:   176        SH:  0    Dex: 13    Spells: 10/14 levels left

rFire   . . .        r - +2 war axe of Wu Jian's Regard {chaos, Int+4}
rCold   . . .        (no shield)
rNeg    . . .        a - +0 robe
rPois   .            (no helmet)
rElec   .            (no cloak)
rCorr   .            v - +0 pair of gloves
SInv    .            (no boots)
Will    .....        g - amulet of regeneration
Stlth   ++           o - ring of magical power
HPRegen 1.06/turn    (no ring)
MPRegen 0.17/turn

%: no passive effects
@: no status effects
A: fangs 1, strong nose, distributed training
a: Renounce Religion


You were on level 4 of the Dungeon.
You worshipped Wu Jian.
Wu Jian was noncommittal.
You visited 1 branch of the dungeon, and saw 4 of its levels.

You collected 176 gold pieces.

Inventory:

Hand Weapons
 m - a +1 short sword of venom
 r - the +2 war axe of Wu Jian's Regard (weapon) {chaos, Int+4}
   (You found it on level 3 of the Dungeon)

   Int:       It affects your intelligence (+4).
Missiles
 p - 21 stones
Armour
 a - a +0 robe (worn)
 v - a +0 pair of gloves (worn)
Magical Staves
 y - a staff of fire
Jewellery
 g - an amulet of regeneration (around neck)
 o - a ring of magical power (left hand)
Scrolls
 c - a scroll of torment {unknown}
 f - 2 scrolls of silence {unknown}
 i - a scroll of enchant armour {unknown}
 k - a scroll of identify {unknown}
 l - a scroll of enchant weapon {unknown}
 n - 2 scrolls of blinking {unknown}
 s - a scroll of vulnerability {unknown}
 t - a scroll of poison {unknown}
 w - a scroll of fear {unknown}
 z - 2 scrolls of teleportation {unknown}
Potions
 b - 3 potions of lignification
 d - 2 potions of heal wounds
 e - 2 potions of invisibility {unknown}
 h - a potion of degeneration {unknown}
 j - 2 potions of attraction {unknown}
 q - a potion of magic {unknown}
 u - a potion of brilliance {unknown}
 x - a potion of flight {unknown}
 A - a potion of resistance {unknown}


   Skills:
 + Level 3.1 Fighting
 + Level 1.8 Short Blades
 + Level 1.8 Long Blades
 + Level 1.8 Axes
 + Level 1.8 Maces & Flails
 + Level 1.8 Polearms
 + Level 1.8 Staves
 + Level 1.8 Ranged Weapons
 + Level 1.8 Throwing
 + Level 1.8 Armour
 + Level 4.9 Dodging
 + Level 1.8 Stealth
 + Level 1.8 Shields
 + Level 6.8 Unarmed Combat
 + Level 5.3 Spellcasting
 + Level 1.4 Conjurations
 + Level 1.4 Hexes
 + Level 1.4 Summonings
 + Level 1.4 Necromancy
 + Level 1.4 Translocations
 + Level 4.0 Transmutations
 + Level 1.4 Fire Magic
 + Level 1.4 Ice Magic
 + Level 1.4 Air Magic
 + Level 1.4 Earth Magic
 + Level 1.4 Poison Magic
 + Level 2.0 Invocations
 + Level 1.8 Evocations


You had 10 spell levels left.
You knew the following spells:

 Your Spells              Type           Power      Damage    Failure   Level
a - Beastly Appendage     Tmut           38%        N/A       2%          1
b - Wereblood             Tmut           19%        N/A       3%          2
c - Necrotise             Necr           36%        1d5       8%          1

Your spell library contained the following spells:

 Spells                   Type           Power      Damage    Failure   Level
 Apportation              Tloc           18%        N/A       8%          1
 Kiss of Death            Conj/Necr      36%        2d8       8%          1
 Summon Small Mammal      Summ           36%        N/A       8%          1
 Static Discharge         Conj/Air       18%        2-3/arc   11%         2
 Spider Form              Tmut/Pois      14%        N/A       13%         3
 Confusing Touch          Hex            9%         N/A       22%         3
 Gell's Gravitas          Tloc           9%         N/A       22%         3
 Teleport Other           Tloc           9%         N/A       22%         3
 Ice Form                 Ice/Tmut       14%        N/A       38%         4
 Airstrike                Air            4%         2d(1-17)  58%         4
 Dispel Undead            Necr           9%         3d8       58%         4
 Summon Lightning Spire   Summ/Air       9%         N/A       58%         4
 Dispersal                Tloc           4%         N/A       100%        6


Dungeon Overview and Level Annotations

Branches:
Dungeon (4/15)
 Temple: D:4-7

Altars:
Uskayaw
Wu Jian

Shops:
D:1 [

Annotations:
D:4 Edmund


Innate Abilities, Weirdness & Mutations

You have very sharp teeth.
Your uncanny sense of smell can sniff out nearby items.
Your experience applies equally to all skills.


Message History

The hound bites you. The hound bites you but does no damage.
The hound misses you.
You slash the hound!
You kill the hound!
The Council accepts your kill.
Your Invocations skill increases to level 2!
Your horns disappear.
Your talons disappear.
You now have enough gold to buy a glowing cloak on D:1.
You can access your shopping list by pressing '$'.
You now have 164 gold pieces (gained 16).
z - 2 scrolls labelled XAAGRUMEULY
A - a brown potion
Found a stone staircase leading down.
Found a chain mail.
There is a stone staircase leading down here.
You see here a +0 chain mail.
You see here a +2 cloak.
Found a stone staircase leading up.
Found a robe.
You now have 176 gold pieces (gained 12).
Edmund and an endoplasm come into view.
Edmund is wielding a +2 dire flail of holy wrath.
Casting: Necrotise (safe; 8% risk of failure)
Confirm with . or Enter, or press ? or * to list all spells.
You can't see any susceptible monsters within range! (Use Z to cast anyway.)
Okay, then.
Found a stone staircase leading down.
You hit Edmund. You freeze Edmund. You punch Edmund.
You bite Edmund, but do no damage.
Edmund is moderately wounded.
Edmund hits you with a +2 dire flail of holy wrath.
You barely miss Edmund.
Edmund is moderately wounded.
Edmund closely misses you.
You hit Edmund.
Edmund seems to grow stronger.
Edmund is moderately wounded.
Edmund hits you with a +2 dire flail of holy wrath!!
Ouch! That really hurt!
Edmund hits you with a +2 dire flail of holy wrath!
You die...

#############
##.....#.....##
..#...........J.##
...........@.....#
...........@.....#
#...............#
#########
#...............#
.........
#...............#
.........
#.............##..........
##.....#....<.............
###.###...#####>.........
#.##..#.### #######.#
#....##...## ###.#


You could see Edmund (strong) and an endoplasm (asleep).

Vanquished Creatures
  A hound (D:4)
  An orc priest (D:3)
  5 adders
  A gnoll (D:3)
  An ufetubus (D:4)
  A worm (D:2)
  4 dart slugs
  4 orcs (D:3)
  7 ball pythons
  9 bats
  11 endoplasms
  4 giant cockroaches
  4 goblins
  5 hobgoblins
  A jackal (D:3)
  7 quokkas
  A frilled lizard (D:1)
  6 kobolds
  6 rats
79 creatures vanquished.

Notes
Turn   | Place    | Note
-------+----------+-------------------------------------------
     0 | D:1      | FishyPogo the Gnoll Transmuter began the quest for the Orb.
     0 | D:1      | Reached XP level 1. HP: 17/17 MP: 6/6
    68 | D:1      | Found Vuino's Antique Armour Shoppe.
   107 | D:1      | Reached XP level 2. HP: 23/23 MP: 7/7
   110 | D:1      | Learned a level 2 spell: Wereblood
   256 | D:1      | Reached skill level 5 in Spellcasting
   256 | D:1      | Reached XP level 3. HP: 28/28 MP: 6/9
   408 | D:1      | Reached skill level 1 in Invocations
   664 | D:2      | Reached skill level 1 in Short Blades
   664 | D:2      | Reached skill level 1 in Long Blades
   664 | D:2      | Reached skill level 1 in Axes
   664 | D:2      | Reached skill level 1 in Maces & Flails
   664 | D:2      | Reached skill level 1 in Polearms
   664 | D:2      | Reached skill level 1 in Staves
   664 | D:2      | Reached skill level 1 in Ranged Weapons
   664 | D:2      | Reached skill level 1 in Throwing
   664 | D:2      | Reached skill level 1 in Armour
   664 | D:2      | Reached skill level 1 in Stealth
   664 | D:2      | Reached skill level 1 in Shields
   664 | D:2      | Reached skill level 1 in Evocations
   978 | D:2      | Reached XP level 4. HP: 34/34 MP: 11/11
  1041 | D:2      | Found a hide-covered altar of Uskayaw.
  1543 | D:3      | Identified the +2 war axe of Wu Jian's Regard {chaos,
                  | Int+4}
  1547 | D:3      | Reached skill level 1 in Conjurations
  1547 | D:3      | Reached skill level 1 in Hexes
  1547 | D:3      | Reached skill level 1 in Summonings
  1547 | D:3      | Reached skill level 1 in Necromancy
  1547 | D:3      | Reached skill level 1 in Translocations
  1547 | D:3      | Reached skill level 1 in Fire Magic
  1547 | D:3      | Reached skill level 1 in Ice Magic
  1547 | D:3      | Reached skill level 1 in Air Magic
  1547 | D:3      | Reached skill level 1 in Earth Magic
  1547 | D:3      | Reached skill level 1 in Poison Magic
  1559 | D:3      | Reached XP level 5. HP: 40/40 MP: 12/12
  2245 | D:3      | Found an ornate altar of the Wu Jian Council.
  2251 | D:3      | Noticed a spectral centipede
  2251 | D:3      | Noticed a spectral black mamba
  2251 | D:3      | Noticed a spectral cane toad
  2252 | D:3      | Became a worshipper of the Wu Jian Council
  2439 | D:3      | You fall into a shaft and drop 1 floor!
  2468 | D:4      | Learned a level 1 spell: Necrotise
  2613 | D:4      | Noticed Edmund
  2621 | D:4      | Slain by Edmund

Illustrated notes

Levels and vault maps discovered:
D:1:      shiori_shiawase, layout_basic, serial_shops, shop, moated_statue,
          minmay_surrounded
D:2:      layout_basic, basic_altar, minivault_19
D:3:      kennysheep_six_static_rooms, layout_basic,
          pdpol_wu_jian_five_deadly_venoms, wad_floor_pattern_untrapped,
          st_stairs_4
D:4:      layout_rooms, serial_shops, nicolae_stop_n_shop_1, uniq_edmund

Skill      XL: |  1  2  3  4  5 |
---------------+----------------+-----
Spellcasting   | 5 |  5.3
Invocations    | 1 2 |  2.0
Short Blades   | 1 |  1.8
Long Blades    | 1 |  1.8
Axes           | 1 |  1.8
Maces & Flails | 1 |  1.8
Polearms       | 1 |  1.8
Staves         | 1 |  1.8
Ranged Weapons | 1 |  1.8
Throwing       | 1 |  1.8
Armour         | 1 |  1.8
Stealth        | 1 |  1.8
Shields        | 1 |  1.8
Evocations     | 1 |  1.8
Conjurations   | 1 |  1.4
Hexes          | 1 |  1.4
Summonings     | 1 |  1.4
Necromancy     | 1 |  1.4
Translocations | 1 |  1.4
Fire Magic     | 1 |  1.4
Ice Magic      | 1 |  1.4
Air Magic      | 1 |  1.4
Earth Magic    | 1 |  1.4
Poison Magic   | 1 |  1.4
Fighting       | 3 |  3.1
Transmutations | 4 |  4.0
Dodging        | |  4.9
Unarmed Combat | |  6.8

Action                     |  1- 3 |  4- 6 || total
---------------------------+-------+-------++-------
  Melee: Unarmed           |    70 |       ||    70
         Headbutt          |     9 |     5 ||    14
         Kick              |    11 |    10 ||    21
         Bite              |     5 |     5 ||    10
         Punch             |     1 |     4 ||     5
         Short sword       |     5 |    15 ||    20
         War axe           |       |    65 ||    65
   Cast: Beastly Appendage |    20 |     7 ||    27
         Wereblood         |     4 |     1 ||     5
         Necrotise         |       |     1 ||     1
Ability: Lunge             |       |     1 ||     1
    Use: Potion            |     1 |       ||     1
   Stab: Sleeping          |       |     6 ||     6
 Armour: Robe              |    13 |     8 ||    21
  Dodge: Dodged            |    47 |    72 ||   119
